 Dungeon Crawl Stone Soup version 0.28.0 (webtiles) character file.

Game seed: 16389458489830366667

105 porkupine the Skirmisher (level 4, -1/41 HPs)
             Began as a Draconian Enchanter on Feb 17, 2022.
             Slain by a black bear (10 damage)
             ... on level 3 of the Dungeon.
             The game lasted 00:09:36 (3447 turns).

porkupine the Skirmisher (Draconian Enchanter)      Turns: 3447, Time: 00:09:36

Health: -1/41      AC:  5    Str: 16    XL:     4   Next: 54%
Magic:  7/7        EV: 12    Int: 18    God:
Gold:   97         SH:  0    Dex: 11    Spells: 1/7 levels left

rFire   . . .      SeeInvis .   i - +1 dagger (vamp)
rCold   . . .      Faith    .   (no shield)
rNeg    . . .      Spirit   .   (armour unavailable)
rPois   .          Reflect  .   (helmet restricted)
rElec   .          Harm     .   (no cloak)
rCorr   .          Rampage  .   (no gloves)
Will    +....                   (no boots)
Stlth   ++........              (no amulet)
HPRegen 0.13/turn               e - +6 ring of strength
MPRegen 0.10/turn               d - ring of willpower

@: no status effects
A: AC +5, unfitting armour, cold-blooded
a: no special abilities


You were on level 3 of the Dungeon.
You visited 1 branch of the dungeon, and saw 3 of its levels.

You collected 97 gold pieces.

Inventory:

Hand Weapons
 a - a +2 dagger
 i - a +1 vampiric dagger (weapon)
 m - a +2 vorpal trident
Missiles
 c - 4 poisoned darts (quivered)
Magical Staves
 f - a staff of conjuration
 h - a staff of death
Jewellery
 d - a ring of willpower (right hand)
 e - a +6 ring of strength (left hand)
Scrolls
 l - 2 scrolls of teleportation
Potions
 b - a potion of invisibility
 g - 3 potions of attraction
 k - a potion of heal wounds {unknown}


   Skills:
 - Level 4.3 Fighting
 - Level 1.1 Short Blades
 - Level 1.7 Dodging
 - Level 2.6 Stealth
 + Level 2.1 Spellcasting
 + Level 2.9 Hexes


You had one spell level left.
You knew the following spells:

 Your Spells              Type           Power      Damage    Failure   Level
a - Confusing Touch       Hex            12%        N/A       16%         3
b - Tukima's Dance        Hex            12%        N/A       16%         3

Your spell library contained the following spells:

 Spells                   Type           Power      Damage    Failure   Level
 Ensorcelled Hibernation  Hex/Ice        14%        N/A       14%         2
 Corpse Rot               Necr/Air       2%         N/A       26%         2
 Static Discharge         Conj/Air       1%         N/A       26%         2
 Sublimation of Blood     Necr           1%         N/A       26%         2
 Wereblood                Tmut           1%         N/A       26%         2
 Dazzling Flash           Conj/Hex       14%        N/A       28%         3
 Dispel Undead            Necr           1%         3d6       87%         4
 Lightning Bolt           Conj/Air       0%         1d11      99%         5
 Death Channel            Necr           0%         N/A       100%        6
 Summon Hydra             Summ           0%         N/A       100%        7
 Maxwell's Capacitive Co  Air            0%         ∞         100%        8


Dungeon Overview and Level Annotations

Branches:
Dungeon (3/15)

Altars:


Innate Abilities, Weirdness & Mutations

Your plain brown scales are hard. (AC +5)
You cannot fit into any form of body armour.
You are cold-blooded and may be slowed by cold attacks.


Message History

The black bear bites you. The black bear closely misses you.
The black bear barely misses you.
You hit the black bear.
You feel better.
The black bear is moderately wounded.
The black bear misses you. The black bear barely misses you. x2
You hit the black bear but do no damage.
You punch the black bear.
The black bear is moderately wounded.
The black bear completely misses you. The black bear claws you. x2
You hit the black bear but do no damage.
The black bear is moderately wounded.
The black bear bites you but does no damage.
The black bear closely misses you.
The black bear claws you but does no damage.
You hit the black bear.
The black bear is heavily wounded.
The black bear barely misses you. The black bear misses you.
The black bear claws you.
You are too injured to fight recklessly!
You are too injured to fight recklessly!
You hit the black bear.
The black bear is heavily wounded.
The black bear bites you. The black bear barely misses you. x2
You hit the black bear but do no damage.
You tail-slap the black bear.
The black bear is severely wounded.
The black bear barely misses you. The black bear closely misses you.
The black bear claws you but does no damage.
You hit the black bear.
You feel better.
The black bear is severely wounded.
The black bear goes berserk!
You barely miss the black bear.
The black bear is severely wounded.
The black bear bites you! The black bear claws you.
* * * LOW HITPOINT WARNING * * *
The black bear completely misses you.
You hit the black bear but do no damage.
The black bear is severely wounded.
The black bear bites you!
You die...

#...## #.#.##.#...#.##.#.## ...##
#.##))).##.#.##.#.### ..(.##
#.#†..#.##.#.##.#.##.# >#...##
##.#†#.##.#.##.#.###.## .##...##
##.#.##.#.##(#.####.#. .##.#..#
##.##.#.##.#.##..#.#. .##....###
###.#.##.#.####.#.#. .###.#...##
#.#.##.#.## #...#. .# #..#...##
.#@##.#.## ##..). .####.#....##
#h##.#.## ##'### ..#
#.......##.##.#.## ####≈.≈≈≈
''#####......###.#.## #..#≈....
..≈≈≈##.......#...## ###.##≈!###
..♣♣≈##..........## #...##≈.#..
.)⌠♣≈#<.........#######.####≈.#.#
)†...'.........####........#≈.#.#
.....'.........#....#..#####≈.#..


You could see a black bear (berserk).

Vanquished Creatures
  2 adders
  2 worms (D:2)
  2 dart slugs
  3 orcs
  4 endoplasms
  3 giant cockroaches
  9 hobgoblins
  6 jackals
  8 kobolds
  6 quokkas
  3 ball pythons
  7 bats
  2 frilled lizards
  4 goblins
  8 rats
69 creatures vanquished.

Notes
Turn   | Place    | Note
-------+----------+-------------------------------------------
     0 | D:1      | porkupine the Draconian Enchanter began the quest for the
                  | Orb.
     0 | D:1      | Reached XP level 1. HP: 14/14 MP: 3/3
   343 | D:1      | Reached skill level 1 in Fighting
   383 | D:1      | Reached XP level 2. HP: 21/23 MP: 5/5
   450 | D:1      | Reached skill level 2 in Fighting
  1116 | D:1      | Reached XP level 3. HP: 30/30 MP: 6/6
  1332 | D:2      | Reached skill level 3 in Fighting
  1492 | D:2      | Learned a level 3 spell: Confusing Touch
  1496 | D:2      | Learned a level 3 spell: Tukima's Dance
  2538 | D:3      | Reached XP level 4. HP: 38/40 MP: 7/7
  2565 | D:3      | Reached skill level 4 in Fighting
  3433 | D:3      | Noticed a black bear
  3447 | D:3      | Slain by a black bear

Illustrated notes

Levels and vault maps discovered:
D:1:      dpeg_arrival_ternary, layout_loops_corners, minmay_small_reverse_x
D:2:      layout_basic
D:3:      minmay_inner_zag, layout_rooms, hangedman_decor_slide_cut,
          chequers_serial_rivers_micro_e, kennysheep_small_spiral,
          minmay_misc_feat_secret_circle, kennysheep_generic_room_5

Skill      XL: |  1  2  3  4 |
---------------+-------------+-----
Fighting       | 1 2 3 4 |  4.3
Short Blades   | |  1.1
Dodging        | |  1.7
Stealth        | |  2.6
Spellcasting   | |  2.1
Hexes          | |  2.9

Action                   |  1- 3 |  4- 6 || total
-------------------------+-------+-------++-------
Melee: Dagger            |   168 |   110 ||   278
       Tailslap          |    21 |     9 ||    30
       Punch             |     1 |     1 ||     2
  Use: Scroll            |     2 |     2 ||     4
 Stab: Sleeping          |     5 |     2 ||     7
Armor: Skin              |    39 |    33 ||    72
Dodge: Dodged            |    92 |    73 ||   165
